 Seeded DCSS version 0.29-a0-757-g358383bc75 (webtiles) character file.

Game seed: 16501167770483684248 (custom seed)

24145 zeratav the Grappler (level 12, -2/124 HPs)
             Began as a Troll Fighter on July 1, 2022.
             Was a Believer of Ru.
             Slain by a vampire mosquito (10 damage)
             ... on level 13 of the Dungeon.
             The game lasted 00:21:48 (10635 turns).

zeratav the Grappler (Troll Fighter)               Turns: 10635, Time: 00:21:48

Health: -2/124     AC: 14    Str: 31    XL:     12   Next: 78%
Magic:  11/11      EV:  2    Int:  4    God:    Ru [**....]
Gold:   1489       SH: 10    Dex:  9    Spells: 11/11 levels left

rFire   + . .      SeeInvis .     - Unarmed
rCold   + . .      Faith    .   b - +0 kite shield
rNeg    . . .      Spirit   .   A - +0 gold dragon scales {rare}
rPois   +          Reflect  .   (helmet restricted)
rElec   .          Harm     .   (no cloak)
rCorr   .          Rampage  .   (gloves unavailable)
Will    .....                   (boots unavailable)
Stlth   ..........              G - amulet of regeneration {@e2}
HPRegen 1.90/turn               (no ring)
MPRegen 0.12/turn               H - +4 ring of slaying

@: no status effects
A: large, unfitting armour, claws 3, regeneration 1, shaggy fur 1, tough skin 1,
inability to train armour, no earth magic, no hexes magic, no summoning magic
a: Renounce Religion


You were on level 13 of the Dungeon.
You worshipped Ru.
Ru was pleased with you.
You visited 2 branches of the dungeon, and saw 14 of its levels.

You collected 2119 gold pieces.
You spent 630 gold pieces at shops.


Innate Abilities, Weirdness & Mutations

You are too large for most types of armour.
You have claws for hands.
Your natural rate of healing is unusually fast.
You are covered in fur. (AC +1)
You have tough skin. (AC +1)
You cannot train Armour skill.
You cannot study or cast Earth magic.
You cannot study or cast Hexes magic.
You cannot study or cast Summoning magic.


   Skills:
 + Level 9.6 Fighting
 + Level 10.0 Throwing
 - Level 2.4 Dodging
 + Level 10.4 Shields
 + Level 11.4 Unarmed Combat


You had 11 spell levels left.
You didn't know any spells.
Your spell library contained the following spells:

 Spells                   Type           Power      Damage    Failure   Level
 Foxfire                  Conj/Fire      0%         2x1d4     100%        1
 Blink                    Tloc           0%         N/A       100%        2
 Conjure Flame            Conj/Fire      0%         6-21      100%        3
 Gell's Gravitas          Tloc           0%         N/A       100%        3
 Ignite Poison            Fire/Tmut/Pois 0%         N/A       100%        3
 Lesser Beckoning         Tloc           0%         N/A       100%        3
 Mephitic Cloud           Conj/Pois/Air  0%         N/A       100%        3
 Swiftness                Air            0%         N/A       100%        3
 Teleport Other           Tloc           0%         N/A       100%        3
 Flame Wave               Conj/Fire      0%         2d4       100%        4
 Freezing Cloud           Conj/Ice/Air   0%         6-21      100%        5
 Manifold Assault         Tloc           0%         N/A       100%        5
 Conjure Ball Lightning   Conj/Air       0%         3x3d6     100%        6
 Dispersal                Tloc           0%         N/A       100%        6
 Disjunction              Tloc           0%         N/A       100%        8
 Ensorcelled Hibernation  Hex/Ice        Unusable   N/A       N/A         2
 Passwall                 Tmut/Erth      Unusable   N/A       N/A         2
 Inner Flame              Hex/Fire       Unusable   N/A       N/A         3
 Discord                  Hex            Unusable   N/A       N/A         8

Inventory:

Hand Weapons
 B - the +11 flail of Posefe Ytya {freeze, Drain rPois Str+9 Int-3, mace}
   (You found it on level 7 of the Dungeon)

   It freezes those it strikes, dealing additional cold damage.
   It can also slow down cold-blooded creatures.
   Str:       It affects your strength (+9).
   Int:       It affects your intelligence (-3).
   rPois:     It protects you from poison.
   Drain:     It drains your maximum health when unequipped.
 K - the +8 sling of Pride {vorpal, rElec rPois}
   (You found it on level 10 of the Dungeon)

   Any ammunition fired from it inflicts extra damage upon your enemies.
   rElec:     It insulates you from electricity.
   rPois:     It protects you from poison.
Missiles
 u - 35 large rocks (quivered) {=fthrowing}
Armour
 b - a +0 kite shield (worn)
 A - +0 gold dragon scales (worn) {rare}
   (You found it on level 7 of the Dungeon)
Jewellery
 d - a +4 ring of evasion
   (You found it on level 2 of the Dungeon)
 v - a +4 ring of evasion
   (You found it on level 4 of the Dungeon)
 D - a ring of ice
   (You found it on level 12 of the Dungeon)
 G - an amulet of regeneration (around neck) {@e2}
   (You found it on level 8 of the Dungeon)
 H - a +4 ring of slaying (right claw)
   (You found it on level 8 of the Dungeon)
Wands
 y - a wand of mindburst (19)
   (You found it on level 6 of the Dungeon)
 C - a wand of flame (12)
   (You found it on level 8 of the Dungeon)
 I - a wand of polymorph (4)
   (You took it off an orc warrior on level 9 of the Dungeon)
 J - a wand of charming (3)
   (You found it on level 9 of the Dungeon)
Scrolls
 e - 5 scrolls of amnesia
 f - 3 scrolls of poison {!r}
 g - 4 scrolls of vulnerability {!r!r}
 n - 7 scrolls of teleportation {@r4}
 o - 2 scrolls of enchant weapon
 r - a scroll of immolation {!r!r}
 s - a scroll of silence {!r}
 t - 2 scrolls of enchant armour
 w - a scroll of magic mapping {unknown}
 x - a scroll of fog
 E - a scroll of torment {!r}
 M - 2 scrolls of identify {@r1}
Potions
 a - 3 potions of attraction {unknown}
 c - a potion of might
 h - a potion of brilliance {unknown}
 i - 3 potions of ambrosia
 j - 4 potions of cancellation {unknown}
 k - 4 potions of curing {@q1}
 l - 2 potions of resistance {unknown}
 m - 7 potions of lignification {unknown}
 p - 2 potions of heal wounds {unknown}
 q - 3 potions of mutation {unknown}
 z - 2 potions of invisibility
 F - 3 potions of degeneration {unknown}
 N - 3 potions of haste {@q3}

Dungeon Overview and Level Annotations

Branches:
Dungeon (13/15) Zot: 26838  Temple (1/1) D:7 Zot: 5981    Lair (0/6) D:9
    Orc (0/2) D:9
 Vaults: D:13-14

Altars:
Ashenzari
Cheibriados
Dithmenos
Elyvilon
Fedhas
Gozag
Hepliaklqana
Kikubaaqudgha
Makhleb
Nemelex Xobeh
Okawaru
Qazlal
Ru
Sif Muna
Trog
Uskayaw
Vehumet
Wu Jian
Xom
Yredelemnul
Zin
The Shining One
Beogh

Shops:
D:1 !   D:10 (*=*   D:11 !*(   D:12 (

Annotations:
D:10 exclusion: door

........####.....#...............
........#........#...?...........
..[.....#........#..######.......
........#........#..#. #......#
........#........#..#. #..#####
........#.....[..#..#.#####.#
<.......##'#######..##.....###
######.......................##
#..########@.#...##......#
#..'......#y.#...##..≈≈..#
#..#......#.#.......)≈≈...#
#..#......#z#.............#
#..#......#z...##.._......#
#..########.#..##.....♣♣..#
#...........#.........♣ ..#
#............#.W§§§§§.. #.
#............#.W.§§


You could see 2 skeletal warriors, a wraith and a vampire mosquito.


Message History

HP[+2]
You regained 2 hp, and now have 45/124 hp.
You claw the vampire mosquito!
You destroy the vampire mosquito!
The skeletal warrior hits you with a +0 short sword!
* * * LOW HITPOINT WARNING * * *
HP[-6]
You take 6 damage, and now have 39/124 hp.
You mangle the skeletal warrior!!
The skeletal warrior hits you but does no damage.
HP[+2]
You regained 2 hp, and now have 41/124 hp.
You barely miss the skeletal warrior.
HP[+2]
You regained 2 hp, and now have 43/124 hp.
You mangle the skeletal warrior!!
The skeletal warrior is no longer blind.
The skeletal warrior hits you from afar with a +0 glaive!
* * * LOW HITPOINT WARNING * * *
The skeletal warrior barely misses you.
HP[-7]
You take 7 damage, and now have 36/124 hp.
You claw the skeletal warrior!
You destroy the skeletal warrior!
The skeletal warrior hits you from afar with a +0 glaive.
* * * LOW HITPOINT WARNING * * *
The vampire mosquito bites you.
* * * LOW HITPOINT WARNING * * *
The vampire mosquito draws strength from your injuries!
Your Throwing skill increases to level 10!
HP[-6]
You take 6 damage, and now have 30/124 hp.
You mangle the vampire mosquito!!
You destroy the vampire mosquito!
The skeletal warrior hits you from afar with a +0 glaive!
* * * LOW HITPOINT WARNING * * *
You block the skeletal warrior's attack.
You block the vampire mosquito's attack.
HP[-7]
You take 7 damage, and now have 23/124 hp.
You closely miss the vampire mosquito.
You block the vampire mosquito's attack.
The skeletal warrior hits you from afar with a +0 glaive!
* * * LOW HITPOINT WARNING * * *
You block the skeletal warrior's attack.
HP[-11]
You take 11 damage, and now have 12/124 hp.
You redirect the vampire mosquito's attack!
The vampire mosquito closely misses itself.
HP[+2]
You regained 2 hp, and now have 14/124 hp.
The vampire mosquito bites you but does no damage.
HP[+2]
You regained 2 hp, and now have 16/124 hp.
The vampire mosquito attacks as you move away!
The vampire mosquito bites you.
* * * LOW HITPOINT WARNING * * *
The vampire mosquito draws strength from your injuries!
You block the vampire mosquito's attack.
HP[-1]
You take 1 damage, and now have 15/124 hp.
The vampire mosquito bites you but does no damage.
HP[+2]
You regained 2 hp, and now have 17/124 hp.
The vampire mosquito attacks as you move away!
You block the vampire mosquito's attack.
The vampire mosquito bites you.
* * * LOW HITPOINT WARNING * * *
The vampire mosquito draws strength from your injuries!
HP[-1]
You take 1 damage, and now have 16/124 hp.
The vampire mosquito attacks as you move away!
The vampire mosquito bites you but does no damage.
A wraith comes into view.
The vampire mosquito bites you but does no damage.
The wraith moves out of view.
HP[+2]
You regained 2 hp, and now have 18/124 hp.
The vampire mosquito attacks as you move away!
The vampire mosquito bites you but does no damage.
HP[+2]
You regained 2 hp, and now have 20/124 hp.
The vampire mosquito attacks as you move away!
The vampire mosquito bites you.
* * * LOW HITPOINT WARNING * * *
The vampire mosquito draws strength from your injuries!
The vampire mosquito bites you but does no damage.
HP[-3]
You take 3 damage, and now have 17/124 hp.
The vampire mosquito bites you.
* * * LOW HITPOINT WARNING * * *
The vampire mosquito draws strength from your injuries!
HP[-2]
You take 2 damage, and now have 15/124 hp.
The vampire mosquito attacks as you move away!
The vampire mosquito bites you!
* * * LOW HITPOINT WARNING * * *
The vampire mosquito draws strength from your injuries!
The vampire mosquito bites you!
You die...

Skill      XL: |  1  2  3  4  5  6  7  8  9 10 11 12 |
---------------+-------------------------------------+-----
Unarmed Combat | 3 4 5 6 7 9 10 11 | 11.4
Throwing       | 1 2 3 5 6 7 9 10 | 10.0
Shields        | 3 4 5 7 8 9 10 | 10.4
Fighting       | 3 4 5 6 7 8 9 |  9.6
Dodging        | |  2.4

Action                   |  1- 3 |  4- 6 |  7- 9 | 10-12 || total
-------------------------+-------+-------+-------+-------++-------
Melee: Unarmed           |    59 |   137 |   303 |   511 ||  1010
Throw: Large rock        |       |       |       |    28 ||    28
Invok: Sacrifice Durabil |       |       |       |     1 ||     1
       Sacrifice Arcana  |       |       |       |     1 ||     1
  Use: Scroll            |     4 |     2 |     1 |    17 ||    24
       Potion            |       |       |     2 |     1 ||     3
 Stab: Sleeping          |       |     1 |       |       ||     1
       Invisible         |       |       |       |     1 ||     1
Armor: Robe              |    17 |    24 |    11 |       ||    52
       Gold dragon scale |       |       |    74 |   354 ||   428
Dodge: Dodged            |    20 |    90 |   147 |   142 ||   399
Block: Kite shield       |    21 |    39 |   118 |   329 ||   507

Levels and vault maps discovered:
D:1:      lightli_arrival_statuegarden, layout_basic, serial_shops,
          nicolae_shop_trees, shapermc_ecumenical_altar_mp_ritualfount
D:2:      layout_basic, uniq_jessica
D:3:      minmay_door_path, layout_rooms, worldfamousw_hep_ancestral_shrine,
          nicolae_uskayaw_dance_hall
D:4:      layout_rooms, uniq_menkaure
D:5:      layout_layer_cave, nicolae_overflow_crystal_walls
D:6:      layout_layer_cave, fiery_altar_vehumet, mainiacjoe_overflow_paths
D:7:      layout_rooms, mainiacjoe_overflow_cross_hatched,
          minmay_temple_entry_large_hall, interstate_on_off, patterned_corridor
D:8:      layout_layer_cave, mainiacjoe_overflow_six_doors_small,
          amethyst_killhole, chequers_serial_rivers_large_a,
          pf_guarded_unrand_meek
D:9:      layout_basic, david_lair_shrubbed, david_orc_5
D:10:     layout_gridville, serial_shops, shop_coins, shop, shop,
          nicolae_shop_temple_entry_statues_fountains
D:11:     layout_irregular_city, serial_shops,
          nicolae_shop_bloodbath_and_beyond, nicolae_shop_statue_plus,
          nicolae_shop_hallway_stairs, uniq_nergalle
D:12:     layout_rooms, special_room [special_room_bee],
          nicolae_wooded_promenade, dreamdust_wishing_well, minmay_the_grid_2x2
          [minmay_the_grid_medium_cups, minmay_the_grid_aliased_spiral,
          minmay_the_grid_dragon_b, minmay_the_grid_prize_inner_circle]
D:13:     layout_irregular_city, david_vaults_2, serial_shops,
          nicolae_stop_n_shop_2, nicolae_wu_jian_wuxing_cycle, uniq_rupert,
          uniq_josephine, uniq_sonja
Temple:   nicolae_temple_no_exploring_needed

Notes
Turn   | Place    | Note
-------+----------+-------------------------------------------
     0 | D:1      | zeratav the Troll Fighter began the quest for the Orb.
     0 | D:1      | Reached XP level 1. HP: 22/22 MP: 0/0
     0 | D:1      | magus.rc [v1.9.6]
   258 | D:1      | You pick up a book of Flames and begin reading...
   258 | D:1      | You add the spells Foxfire, Conjure Flame, Inner Flame and
                  | Flame Wave to your library.
   347 | D:1      | Reached XP level 2. HP: 24/29 MP: 1/1
   408 | D:1      | Reached skill level 3 in Unarmed Combat
   462 | D:1      | Found Itaolommy's Distillery.
   580 | D:1      | You pick up a book of Displacement and begin reading...
   580 | D:1      | You add the spells Lesser Beckoning, Gell's Gravitas and
                  | Teleport Other to your library.
   589 | D:1      | Found a faded altar of an unknown god.
  1027 | D:2      | Noticed Jessica
  1041 | D:2      | Reached XP level 3. HP: 21/36 MP: 2/2
  1045 | D:2      | Killed Jessica
  1046 | D:2      | Reached skill level 1 in Throwing
  1046 | D:2      | Reached skill level 3 in Shields
  1245 | D:2      | Reached XP level 4. HP: 44/44 MP: 3/3
  1768 | D:3      | Found a hide-covered altar of Uskayaw.
  1782 | D:3      | Reached skill level 3 in Fighting
  1792 | D:3      | Reached XP level 5. HP: 45/53 MP: 4/4
  1927 | D:3      | Found a hazy altar of Hepliaklqana.
  2264 | D:4      | Reached skill level 2 in Throwing
  2474 | D:4      | Reached skill level 4 in Unarmed Combat
  2476 | D:4      | HP: 10/53 [gnoll/+2 spear of freezing (4)]
  2626 | D:4      | Noticed Menkaure
  2631 | D:4      | Killed Menkaure
  2632 | D:4      | Reached XP level 6. HP: 52/61 MP: 5/5
  2688 | D:4      | Identified a scroll of acquirement
  2689 | D:4      | Acquired 747 gold pieces
  2743 | D:4      | Reached skill level 4 in Shields
  2762 | D:5      | Entered Level 5 of the Dungeon
  2960 | D:5      | Reached XP level 7. HP: 65/68 MP: 6/6
  2963 | D:5      | Reached skill level 3 in Throwing
  2970 | D:5      | HP: 17/68 [ice beast (5)]
  2973 | D:5      | HP: 2/68 [ice beast (13)]
  3040 | D:5      | Reached skill level 4 in Fighting
  3284 | D:5      | Found a glowing silver altar of Zin.
  3297 | D:5      | Reached skill level 5 in Unarmed Combat
  3660 | D:6      | Reached XP level 8. HP: 66/79 MP: 7/7
  3954 | D:6      | Found a basalt altar of Yredelemnul.
  4031 | D:6      | Reached skill level 4 in Throwing
  4031 | D:6      | Reached skill level 5 in Shields
  4130 | D:6      | Found a radiant altar of Vehumet.
  4773 | D:7      | Identified +0 gold dragon scales
  4784 | D:7      | You finish putting on your +0 gold dragon scales {rare}.
  4813 | D:7      | Reached skill level 6 in Unarmed Combat
  4814 | D:7      | Reached skill level 5 in Fighting
  4876 | D:7      | Found a staircase to the Ecumenical Temple.
  4929 | D:7      | Reached skill level 5 in Throwing
  4929 | D:7      | Reached XP level 9. HP: 88/88 MP: 8/8
  4937 | D:7      | Reached skill level 6 in Shields
  4956 | Temple   | Entered the Ecumenical Temple
  4965 | Temple   | Became a worshipper of Ru the Awakened
  5324 | D:7      | Found a snail-covered altar of Cheibriados.
  5392 | D:7      | Reached skill level 7 in Unarmed Combat
  5495 | D:7      | Identified the +11 flail of Posefe Ytya {freeze, Drain
                  | rPois Str+9 Int-3}
  5679 | D:8      | Found a sparkling altar of Nemelex Xobeh.
  5691 | D:8      | Reached skill level 6 in Fighting
  5731 | D:8      | Reached skill level 6 in Throwing
  5859 | D:8      | Reached skill level 7 in Shields
  5878 | D:8      | Reached XP level 10. HP: 71/100 MP: 9/9
  6321 | D:8      | Reached skill level 8 in Unarmed Combat
  6332 | D:8      | Found the +7 staff of the Meek {protect, meekguard}
  6415 | D:9      | You pick up a book of Burglary and begin reading...
  6415 | D:9      | You add the spells Passwall, Ensorcelled Hibernation and
                  | Swiftness to your library.
  6458 | D:9      | Noticed a two-headed ogre
  6466 | D:9      | Killed a two-headed ogre
  6507 | D:9      | Gained mutation: You cannot train Armour skill. [Ru
                  | sacrifice]
  6507 | D:9      | Reached * piety under Ru
  6511 | D:9      | Reached skill level 7 in Throwing
  6516 | D:9      | Reached skill level 7 in Fighting
  6531 | D:9      | Found a staircase to the Orcish Mines.
  6926 | D:10     | Entered Level 10 of the Dungeon
  6970 | D:9      | Found a staircase to the Lair.
  7108 | D:10     | Reached skill level 8 in Shields
  7154 | D:10     | Found Vocsidgh's Antique Weapon Emporium.
  7225 | D:10     | Identified the +8 sling of Pride {vorpal, rElec rPois}
  7242 | D:10     | Noticed a two-headed ogre
  7250 | D:10     | Killed a two-headed ogre
  7251 | D:10     | Reached skill level 9 in Unarmed Combat
  7251 | D:10     | Reached XP level 11. HP: 98/109 MP: 10/10
  7404 | D:10     | Found Asiuwujina's Jewellery Shoppe.
  7410 | D:10     | Found Yghadgh's General Store.
  7544 | D:10     | Noticed a two-headed ogre
  7553 | D:10     | Killed a two-headed ogre
  7898 | D:10     | Found Acreblus's Assorted Antiques.
  7938 | D:10     | Bought a scroll of identify for 54 gold pieces
  8150 | D:11     | HP: 13/110 [very large slime creature (58)]
  8227 | D:11     | Found Ytoukiog's Weapon Emporium.
  8303 | D:11     | Found Vefenao's Assorted Antiques.
  8320 | D:11     | Reached skill level 8 in Throwing
  8331 | D:11     | Bought a scroll of identify for 36 gold pieces
  8331 | D:11     | Bought a translucent turquoise ring for 90 gold pieces
  8331 | D:11     | Identified the ring "Habliabb" {Will- MP+9 EV+4 Str+8} (You
                  | bought it in a shop on level 11 of the Dungeon)
  8331 | D:11     | Bought a scroll of teleportation for 54 gold pieces
  8331 | D:11     | Bought a steaming ivory ring for 90 gold pieces
  8331 | D:11     | Identified the ring of Luhyjogha {+Blink Will+ MP+9 Int+6
                  | Slay-4} (You bought it in a shop on level 11 of the
                  | Dungeon)
  8436 | D:11     | Noticed Nergalle
  8467 | D:11     | Killed Nergalle
  8468 | D:11     | Reached skill level 8 in Fighting
  8547 | D:11     | Gained mutation: You cannot study or cast Earth magic. [Ru
                  | sacrifice]
  8547 | D:11     | Gained mutation: You cannot study or cast Hexes magic. [Ru
                  | sacrifice]
  8547 | D:11     | Gained mutation: You cannot study or cast Summoning magic.
                  | [Ru sacrifice]
  8547 | D:11     | Reached ** piety under Ru
  8593 | D:11     | Found Areiva Afac's Distillery.
  8602 | D:11     | Bought a potion of haste for 170 gold pieces
  8602 | D:11     | Bought a potion of invisibility for 136 gold pieces
  8662 | D:11     | You pick up a book of Chaos and begin reading...
  8662 | D:11     | You add the spells Conjure Ball Lightning and Disjunction
                  | to your library.
  8758 | D:11     | Reached skill level 9 in Shields
  9030 | D:12     | You add the spells Ignite Poison, Mephitic Cloud and
                  | Freezing Cloud to your library.
  9041 | D:12     | Noticed a white ugly thing
  9062 | D:12     | Killed a white ugly thing
  9063 | D:12     | Reached skill level 10 in Unarmed Combat
  9234 | D:12     | Noticed a four-headed hydra
  9234 | D:12     | Noticed a green ugly thing
  9236 | D:12     | Killed a four-headed hydra
  9261 | D:11     | Killed a green ugly thing
  9343 | D:12     | Reached skill level 9 in Throwing
  9349 | D:12     | Reached XP level 12. HP: 64/122 MP: 11/11
  9426 | D:12     | Noticed a fire dragon
  9427 | D:12     | Noticed a boulder beetle
  9431 | D:12     | Noticed a centaur warrior
  9437 | D:12     | HP: 27/122 [fire dragon (5)]
  9438 | D:12     | Noticed a centaur warrior
  9503 | D:12     | Killed a centaur warrior
  9504 | D:12     | HP: 29/122 [centaur warrior/arrow (7)]
  9508 | D:12     | Killed a centaur warrior
  9560 | D:12     | Killed a fire dragon
  9602 | D:12     | Killed a boulder beetle
  9603 | D:12     | Reached skill level 9 in Fighting
  9673 | D:12     | Noticed a fire dragon
  9676 | D:12     | Killed a fire dragon
  9691 | D:12     | You pick up a book of Spatial Translocations and begin
                  | reading...
  9691 | D:12     | You add the spells Blink and Manifold Assault to your
                  | library.
  9763 | D:12     | Noticed a two-headed ogre
  9768 | D:12     | Killed a two-headed ogre
  9769 | D:12     | Reached skill level 10 in Shields
  9813 | D:12     | Reached skill level 11 in Unarmed Combat
  9832 | D:12     | Found Wiessoes's Antique Weapon Emporium.
 10025 | D:12     | HP: 22/124 [meliai/divine providence (15)]
 10030 | D:12     | HP: 15/124 [poisoned by a killer bee]
 10035 | D:12     | HP: 18/124 [poisoned by a killer bee]
 10100 | D:12     | HP: 31/124 [meliai/+0 hand axe (4)]
 10499 | D:13     | Found an ornate altar of the Wu Jian Council.
 10623 | D:13     | HP: 30/124 [vampire mosquito (6)]
 10624 | D:13     | Reached skill level 10 in Throwing
 10625 | D:13     | HP: 12/124 [skeletal warrior/+0 glaive (12)]
 10630 | D:13     | HP: 16/124 [vampire mosquito (3)]
 10635 | D:13     | HP: 7/124 [vampire mosquito (8)]
 10635 | D:13     | Slain by a vampire mosquito

Vanquished Creatures
  2 fire dragons (D:12)
  A boulder beetle (D:12)
  A hydra (D:12)
  4 two-headed ogres
  Nergalle (D:11)
  A skeletal warrior (D:13)
  2 ugly things
  6 cyclopes
  4 gargoyles
  2 unseen horrors
  A yaktaur (D:12)
  2 komodo dragons
  An efreet (D:12)
  3 meliai (D:12)
  A queen bee (D:12)
  2 hornets
  4 trolls
  6 slime creatures (D:11)
  3 wyverns (D:8)
  3 vampires
  A shadow (D:11)
  9 yaks
  4 vampire mosquitoes
  2 steam dragons (D:8)
  Menkaure (D:4)
  2 water moccasins (D:7)
  10 orc warriors
  A sky beast (D:7)
  4 ice beasts
  A black bear (D:6)
  2 ogres
  A centaur (D:10)
  A kobold brigand (D:7)
  A gnoll sergeant (D:12)
  A bullfrog (D:4)
  2 necrophages
  6 wights
  41 killer bees
  2 howler monkeys (D:7)
  4 jellies
  5 hounds
  10 orc priests
  Jessica (D:2)
  4 iguanas
  4 orc wizards
  11 gnolls
  9 adders
  3 shadow imps
  A white imp (D:6)
  3 ufetubi
  A worm (D:4)
  2 dart slugs
  33 orcs
  6 ball pythons
  5 endoplasms
  4 giant cockroaches
  6 hobgoblins
  8 kobolds
  4 quokkas
  4 bats
  2 frilled lizards
  2 goblins
  3 rats
277 creatures vanquished.

Vanquished Creatures (collateral kills)
  2 centaur warriors (D:12)
2 creatures vanquished.

Vanquished Creatures (others)
  A gnoll (D:12)
  5 plants (D:9)
6 creatures vanquished.

Grand Total: 285 creatures vanquished

Table legend:
 A = Non-vault XP
 B = Vault XP
 C = Vault XP percentage of total XP
 D = Non-vault monster count
 E = Vault monster count
 F = Vault count percentage of total count
                 A         B        C        D         E       F
            +---------+---------+-------+---------+---------+-------
      Total |   20842 |   13651 |  39.6 |     203 |      76 |  27.2
            +---------+---------+-------+---------+---------+-------
        D:1 |      27 |       0 |   0.0 |      15 |       0 |   0.0
        D:2 |      48 |      37 |  43.5 |       8 |       1 |  11.1
        D:3 |     125 |       1 |   0.8 |      18 |       1 |   5.3
        D:4 |     202 |     169 |  45.6 |      18 |       1 |   5.3
        D:5 |     480 |       0 |   0.0 |      12 |       0 |   0.0
        D:6 |     650 |       0 |   0.0 |      16 |       0 |   0.0
        D:7 |    2012 |       0 |   0.0 |      30 |       0 |   0.0
        D:8 |    1696 |     814 |  32.4 |      20 |      10 |  33.3
        D:9 |    2010 |     934 |  31.7 |      14 |      24 |  63.2
       D:10 |    3054 |       0 |   0.0 |      14 |       0 |   0.0
       D:11 |    4387 |    1386 |  24.0 |      17 |       2 |  10.5
       D:12 |    4599 |   10310 |  69.2 |      16 |      37 |  69.8
       D:13 |    1552 |       0 |   0.0 |       5 |       0 |   0.0
            +---------+---------+-------+---------+---------+-------

Illustrated notes

Table legend:
 A = Kills in this place as a percentage of kills in entire the game.
 B = Kills by you in this place as a percentage of kills by you in the entire game.
 C = Kills by friends in this place as a percentage of kills by friends in the entire game.
 D = Other kills in this place as a percentage of other kills in the entire game.
 E = Experience gained in this place as a percentage of experience gained in the entire game.
 F = Experience gained in this place divided by the number of levels of this place that you have seen.
                   A       B       C       D       E      F
               +-------+-------+-------+-------+-------+----------------------
         Total | 100.0 | 100.0 | 100.0 |   N/A | 100.0 | 2463.8
       Dungeon | 100.0 | 100.0 | 100.0 |   N/A | 100.0 | 2653.3
               +-------+-------+-------+-------+-------+----------------------

Table legend: (Time is in decaauts)
 A = Elapsed time spent in this place.
 B = Non-inter-level travel time spent in this place.
 C = Inter-level travel time spent in this place.
 D = Time resting spent in this place.
 E = Time spent auto-exploring this place.
 F = Levels seen in this place.
 G = Mean time per level.
                   A        B        C        D        E       F      G
               +--------+--------+--------+--------+--------+-----+--------+
         Total |  10638 |  10228 |    410 |    392 |   7636 |  14 |  759.9 |
       Dungeon |  10620 |  10219 |    401 |    392 |   7636 |  13 |  816.9 |
        Temple |     18 |      9 |      9 |      0 |      0 |   1 |   18.0 |
               +--------+--------+--------+--------+--------+-----+--------+

Top non-repeatable levels by time:
    D:12: 1406 daAuts
     D:6: 1189 daAuts
    D:10: 1024 daAuts
    D:11: 955 daAuts
     D:8: 893 daAuts
     D:1: 836 daAuts
     D:7: 832 daAuts
     D:2: 738 daAuts
     D:5: 720 daAuts
     D:9: 663 daAuts
     D:3: 637 daAuts
     D:4: 560 daAuts
    D:13: 160 daAuts
  Temple: 18 daAuts
